 Dungeon Crawl Stone Soup version 0.28-a0-1167-g616b1c6417 (webtiles) character file.

Game seed: 9780855507477471135

38 Fortus the Slasher (level 3, 0/27 HPs)
             Began as a Demonspawn Gladiator on Dec 16, 2021.
             Slain by an iguana (12 damage)
             ... on level 3 of the Dungeon.
             The game lasted 00:04:08 (2722 turns).

Fortus the Slasher (Demonspawn Gladiator)           Turns: 2722, Time: 00:04:09

Health: 0/27       AC:  6    Str: 14    XL:     3   Next: 25%
Magic:  3/3        EV: 11    Int:  9    God:
Gold:   81         SH:  0    Dex: 16    Spells: 2/2 levels left

rFire   . . .      SeeInvis .     - Unarmed
rCold   . . .      Faith    .   (no shield)
rNeg    . . .      Spirit   .   j - +0 ring mail
rPois   .          Reflect  .   c - +0 helmet
rElec   .          Harm     .   (no cloak)
rCorr   .          Rampage  .   (no gloves)
Will    .....                   (no boots)
Stlth   +.........              (no amulet)
HPRegen 0.09/turn               (no ring)
MPRegen 0.08/turn               (no ring)

@: lethally poisoned (0 -> -3)
A: demonic touch 1
a: no special abilities


You were on level 3 of the Dungeon.
You visited 1 branch of the dungeon, and saw 3 of its levels.

You collected 81 gold pieces.

Inventory:

Hand Weapons
 a - a +0 long sword
Missiles
 d - 3 throwing nets (quivered)
Armour
 b - a +0 leather armour
 c - a +0 helmet (worn)
 j - a +0 ring mail (worn)
Scrolls
 e - 6 scrolls of identify {unknown}
 f - 2 scrolls of fog {unknown}
 g - a scroll of immolation {unknown}
 i - 2 scrolls of teleportation {unknown}
 k - a scroll of brand weapon {unknown}
 l - a scroll of magic mapping {unknown}
Potions
 h - a potion of ambrosia {unknown}


   Skills:
 - Level 2.0 Fighting
 - Level 3.2 Long Blades
 - Level 1.7 Throwing
 - Level 2.6 Dodging
 + Level 2.0 Unarmed Combat


You had 2 spell levels left.
You didn't know any spells.
Your spell library was empty.

Dungeon Overview and Level Annotations

Branches:
Dungeon (3/15)

Altars:
Vehumet

Shops:
D:3 [


Innate Abilities, Weirdness & Mutations

Your touch may inflict minor irresistible damage on your foes.


Message History

Moving in this stuff is going to be slow.
The rat bites you.
The rat splashes around in the water.
You hit the rat.
You kill the rat!
Your Unarmed Combat skill increases to level 2!
Found a stone staircase leading down.
Found a leather armour.
You now have 81 gold pieces (gained 14).
A hobgoblin comes into view.
You hit the hobgoblin.
The hobgoblin is severely wounded.
The hobgoblin hits you but does no damage.
You hit the hobgoblin.
You touch the hobgoblin.
You kill the hobgoblin!
There is a stone staircase leading down here.
A frilled lizard comes into view.
The frilled lizard hisses angrily.
You hear an angry hiss.
An iguana comes into view.
You enter the shallow water.
Moving in this stuff is going to be slow.
An adder comes into view.
The adder hisses angrily.
You hit the adder. Your touch misses the adder.
The adder is lightly wounded.
The adder closely misses you.
You closely miss the adder.
You touch the adder.
The adder is heavily wounded.
The adder closely misses you. The iguana bites you!
The frilled lizard misses you. The adder bites you.
You are poisoned.
The adder poisons you!
You hit the adder.
The adder is almost dead.
You feel sick. The adder bites you but does no damage.
The iguana barely misses you.
The frilled lizard bites you but does no damage.
You hit the adder.
You kill the adder!
You feel sick. The iguana bites you!
You die...

#.#############.....#######.## #.
#.# #...........#.####. ..#
###### #.......).......... ###
≈≈≈≈≈≈####8..8#.##.....####. .≈≈≈
≈≈≈≈≈≈≈≈≈#8..8#.############ ≈≈≈≈
≈≈≈≈≈≈≈≈≈≈≈..≈..............
≈≈≈≈≈≈≈≈≈≈≈≈≈≈≈≈..≈≈≈############
≈≈≈≈≈≈...≈≈≈≈≈≈l..≈≈≈≈≈≈##### ##
≈≈≈... #....≈≈≈l@.≈≈≈≈≈≈≈≈≈≈####≈
≈..... ####..##≈..≈≈≈≈≈≈≈≈≈≈≈≈≈≈≈
##.##8..8≈≈≈≈≈≈≈≈≈≈≈≈≈≈
#l##8..8...≈≈≈≈≈≈≈≈≈≈≈
#l##...........≈≈≈≈≈≈≈
#..#.....#..##........
##.#........##########
#....#####.# ###...# .


You could see an iguana and a frilled lizard.

Vanquished Creatures
  An adder (D:3)
  A worm (D:2)
  An orc (D:3)
  A ball python (D:3)
  5 endoplasms
  2 goblins
  2 hobgoblins
  7 kobolds
  2 quokkas (D:1)
  4 bats (D:1)
  3 frilled lizards
  3 rats
32 creatures vanquished.

Notes
Turn   | Place    | Note
-------+----------+-------------------------------------------
     0 | D:1      | Fortus the Demonspawn Gladiator began the quest for the
                  | Orb.
     0 | D:1      | Reached XP level 1. HP: 16/16 MP: 1/1
    58 | D:1      | Reached skill level 3 in Long Blades
   126 | D:1      | Gained mutation: Your touch may inflict minor irresistible
                  | damage on your foes. [demonic ancestry]
   126 | D:1      | Reached XP level 2. HP: 11/22 MP: 2/2
   713 | D:1      | Found a faded altar of an unknown god.
   746 | D:1      | Reached skill level 1 in Unarmed Combat
  1502 | D:2      | Found a radiant altar of Vehumet.
  1614 | D:2      | Reached XP level 3. HP: 27/27 MP: 3/3
  2469 | D:3      | Found Bixka's Antique Armour Emporium.
  2722 | D:3      | Slain by an iguana

Illustrated notes

Levels and vault maps discovered:
D:1:      minmay_arrival_cross, layout_loops_ring,
          chequers_ecumenical_altar_twisty
D:2:      layout_loops_ring, basic_altar
D:3:      wander_river, layout_basic, ashenzari_altar_1, ebering_ghost_gozag,
          serial_shops, nicolae_shop_trees

Skill      XL: |  1  2  3 |
---------------+----------+-----
Long Blades    | 3 |  3.2
Unarmed Combat | 1 2 |  2.0
Fighting       | |  2.0
Throwing       | |  1.7
Dodging        | |  2.6

Action                   || total
-------------------------++-------
Melee: Long sword        ||    17
       Unarmed           ||    88
       Touch             ||    13
       Punch             ||     1
 Stab: Sleeping          ||     2
Armor: Leather armour    ||     6
       Ring mail         ||    16
Dodge: Dodged            ||    50

Table legend: (Time is in decaauts)
 A = Elapsed time spent in this place.
 B = Non-inter-level travel time spent in this place.
 C = Inter-level travel time spent in this place.
 D = Time resting spent in this place.
 E = Time spent auto-exploring this place.
 F = Levels seen in this place.
 G = Mean time per level.
                   A        B        C        D        E       F      G
               +--------+--------+--------+--------+--------+-----+--------+
         Total |   2735 |   2623 |    112 |    121 |   2199 |   3 |  911.7 |
       Dungeon |   2735 |   2623 |    112 |    121 |   2199 |   3 |  911.7 |
               +--------+--------+--------+--------+--------+-----+--------+

Top non-repeatable levels by time:
     D:1: 1235 daAuts
     D:2: 812 daAuts
     D:3: 688 daAuts
